 Dungeon Crawl Stone Soup version 0.16-a0-3855-gd2600ac (console) character file.

161 Monkaria the Chopper (level 5, -1/48 HPs)
             Began as a Hill Orc Fighter on Jan 31, 2015.
             Slain by a gnoll
             ... wielding a +0 halberd
              (6 damage)
             ... on level 3 of the Dungeon.
             The game lasted 00:02:43 (1736 turns).

Monkaria the Chopper (Hill Orc Fighter)             Turns: 1736, Time: 00:02:45

Health: -1/48      AC:  9    Str: 20    XL:     5   Next: 42%
Magic:  5/5        EV:  4    Int:  8    God:
Gold:   113        SH:  0    Dex: 10    Spells: 0 memorised, 4 levels left

rFire  . . .     SeeInvis .     a - +0 war axe
rCold  . . .     Clarity  .     l - +1 scale mail {rPois}
rNeg   . . .     SustAb   .     c - +0 shield
rPois  +         Gourm    .     (no helmet)
rElec  .         Spirit   .     m - +0 cloak
rCorr  .         Warding  .     (no gloves)
rMut   .         Stasis   .     (no boots)
MR     .....                    (no amulet)
Stlth  ..........               (no ring)
                                (no ring)

@: flying, held, not resistant to hostile enchantments, extremely unstealthy
A: no striking features
a: no special abilities


You were on level 3 of the Dungeon.
You were not hungry.

You visited 1 branch of the dungeon, and saw 3 of its levels.

You collected 113 gold pieces.

Inventory:

Hand weapons
 a - a +0 war axe (weapon)
Missiles
 h - 32 poisoned needles
 n - 7 needles of paralysis
Armour
 c - a +0 shield (worn)
 l - a +1 scale mail of poison resistance (worn)
 m - a +0 cloak (worn)
Scrolls
 b - a scroll of identify {unknown}
 k - 2 scrolls of enchant weapon {unknown}
 o - a scroll of enchant armour {unknown}
 p - a scroll of magic mapping {unknown}
 t - a scroll of remove curse {unknown}
Potions
 r - a potion of beneficial mutation {unknown}
 s - a potion of heal wounds {unknown}
 v - a potion of degeneration {unknown}
 w - a potion of might
Comestibles
 d - 2 meat rations
 q - 3 bread rations


   Skills:
 + Level 5.0 Fighting
 * Level 6.0 Axes
 - Level 3.2 Armour
 - Level 3.2 Shields


You had 4 spell levels left.
You didn't know any spells.

Dungeon Overview and Level Annotations

Branches:
Dungeon (3/15)

Altars:
Nemelex Xobeh


Message History

Drink which item? (? for menu, Esc to quit)
It was a potion of curing.
You feel better. The gnoll hits you but does no damage.
The gnoll hits you from afar with a spear.
* * * LOW HITPOINT WARNING * * *
Drink which item? (? for menu, Esc to quit)
It was a potion of flight.
You feel very buoyant.
You fly up into the air.
The kobold hits you with a short sword.
* * * LOW HITPOINT WARNING * * *
The gnoll hits you but does no damage. The gnoll barely misses you.
The gnoll hits you but does no damage.
Drink which item? (? for menu, Esc to quit)
It was a potion of restore abilities.
You feel refreshed. The kobold hits you but does no damage.
The gnoll hits you from afar with a spear.
* * * LOW HITPOINT WARNING * * *
The gnoll hits you but does no damage.
The gnoll hits you from afar with a halberd.
You die...

#.†# #######.......# #.##.
#..#############.##.##.###.##.
#...r.g.......................
#.#####.###(..................
#. #.# #.(###.#######.#.##. #.
#.###.(###########.#.... #.
##....rgg................
.........##..g.#########......
#.#.####.##.K@................
.........)).###########.#..##
....##.##.###..........#..##
#.##.##)###...)......#....
.........................##
#.##.##.#.#...............
#.##.#.#..........##.##
#.#.#..........##.##
#.#.#.####..........


You could see 3 gnolls, a kobold and a rat.

Vanquished Creatures
  Sigmund (D:2)
  A hound (D:3)
  An adder (D:3)
  2 giant mites (D:1)
  A giant gecko (D:1)
  7 bats
  2 giant cockroaches (D:1)
  6 goblins
  3 hobgoblins
  A ball python (D:1)
  3 giant newts (D:1)
  8 kobolds
  2 rats
38 creatures vanquished.

Vanquished Creatures (others)
  A giant cockroach (D:2)
1 creature vanquished.

Grand Total: 39 creatures vanquished

Notes
Turn   | Place    | Note
--------------------------------------------------------------
     0 | D:1      | Monkaria, the Hill Orc Fighter, began the quest for the Orb.
     0 | D:1      | Reached XP level 1. HP: 19/19 MP: 1/1
   346 | D:1      | Reached XP level 2. HP: 24/27 MP: 2/2
   536 | D:1      | Reached skill level 4 in Axes
   608 | D:1      | Reached XP level 3. HP: 33/33 MP: 3/3
   944 | D:2      | Noticed Sigmund
   952 | D:2      | Killed Sigmund
   952 | D:2      | Reached skill level 5 in Axes
   952 | D:2      | Reached XP level 4. HP: 37/41 MP: 4/4
  1136 | D:2      | Found a sparkling altar of Nemelex Xobeh.
  1435 | D:3      | Reached XP level 5. HP: 40/47 MP: 5/5
  1686 | D:3      | Reached skill level 5 in Fighting
  1714 | D:3      | Reached skill level 6 in Axes
  1736 | D:3      | Slain by a gnoll

Action                   |  1- 3 |  4- 6 || total
-------------------------+-------+-------++-------
Melee: War axe           |    88 |    50 ||   138
  Use: Potion            |     1 |     5 ||     6
  Eat: Chunk             |       |     3 ||     3
